 Dungeon Crawl Stone Soup version 0.28.0-43-g3370ac3207 (webtiles) character file.

Game seed: 14394761207489813201

474 nickcage the Carver (level 6, -1/51 HPs)
             Began as a Minotaur Fighter on Mar 10, 2022.
             Was an Elder of Cheibriados.
             Slain by a sky beast (2 damage)
             ... on level 5 of the Dungeon.
             The game lasted 00:06:13 (3815 turns).

nickcage the Carver (Minotaur Fighter)              Turns: 3815, Time: 00:06:14

Health: -1/51      AC:  6    Str: 31    XL:     6   Next: 84%
Magic:  5/5        EV:  9    Int: 14    God:    Cheibriados [****..]
Gold:   142        SH:  5    Dex: 19    Spells: 5/5 levels left

rFire   . . .      SeeInvis .   a - +0 long sword
rCold   . . .      Faith    .   c - +0 buckler
rNeg    . . .      Spirit   .   b - +0 scale mail
rPois   .          Reflect  .   (helmet restricted)
rElec   .          Harm     .   (no cloak)
rCorr   .          Rampage  .   (no gloves)
Will    .....                   (no boots)
Stlth   ..........              (no amulet)
HPRegen 0.17/turn               (no ring)
MPRegen 0.09/turn               (no ring)

@: very slow
A: horns 2, retaliatory headbutt
a: Renounce Religion, Bend Time, Temporal Distortion, Slouch


You were on level 5 of the Dungeon.
You worshipped Cheibriados.
Cheibriados was greatly pleased with you.
You visited 1 branch of the dungeon, and saw 5 of its levels.

You collected 142 gold pieces.

Inventory:

Hand Weapons
 a - a +0 long sword (weapon)
Missiles
 q - 33 stones (quivered)
Armour
 b - a +0 scale mail (worn)
 c - a +0 buckler (worn)
Scrolls
 d - a scroll of enchant weapon {unknown}
 f - a scroll of noise {unknown}
 g - 3 scrolls of magic mapping {unknown}
 j - 3 scrolls of identify {unknown}
 k - a scroll of holy word {unknown}
 m - a scroll of amnesia {unknown}
 r - a scroll of fog {unknown}
Potions
 e - a potion of ambrosia {unknown}
 h - 2 potions of heal wounds {unknown}
 i - a potion of degeneration {unknown}
 l - a potion of curing {unknown}
 n - 2 potions of brilliance {unknown}
 o - a potion of invisibility {unknown}
 p - a potion of berserk rage {unknown}
 s - a potion of lignification {unknown}


   Skills:
 - Level 3.6 Fighting
 + Level 9.0 Long Blades
 - Level 3.6 Armour
 - Level 3.6 Shields


You had 5 spell levels left.
You didn't know any spells.
Your spell library contained the following spells:

 Spells                   Type           Power      Damage    Failure   Level
 Foxfire                  Conj/Fire      0%         2x1d4     58%         1
 Conjure Flame            Conj/Fire      0%         6-21      92%         3
 Inner Flame              Hex/Fire       0%         N/A       92%         3
 Flame Wave               Conj/Fire      0%         2d4       100%        4
 Petrify                  Tmut/Erth      0%         N/A       100%        4
 Metabolic Englaciation   Hex/Ice        0%         N/A       100%        5
 Statue Form              Tmut/Erth      0%         N/A       100%        6


Dungeon Overview and Level Annotations

Branches:
Dungeon (5/15)
 Temple: D:4-7

Altars:
Cheibriados

Shops:
D:1 *


Innate Abilities, Weirdness & Mutations

You have a pair of horns on your head.
You reflexively headbutt those who attack you in melee.


Message History

You hit something. Your headbutt misses something.
Something hits you but does no damage.
You miss something. Something hits you. Something shocks you.
You hit something. You headbutt something! Something hits you.
Something shocks you.
You hit something.
A sky beast appears from thin air!
Reactivating autopickup.
You block the sky beast's attack.
You hit the sky beast but do no damage.
The sky beast is severely wounded.
The sky beast barely misses you.
You hit the sky beast. Your headbutt misses the sky beast.
The sky beast is almost dead.
The sky beast hits you but does no damage.
You hit the sky beast but do no damage.
The sky beast is almost dead.
The sky beast flickers out of sight!
Deactivating autopickup; reactivate with Ctrl-A.
Something hits you but does no damage.
There is a strange disturbance nearby!
Something hits you. Something shocks you.
* * * LOW HITPOINT WARNING * * *
Something hits you.
* * * LOW HITPOINT WARNING * * *
Something shocks you.
* * * LOW HITPOINT WARNING * * *
A sky beast appears from thin air!
Reactivating autopickup.
The sky beast hits you.
* * * LOW HITPOINT WARNING * * *
The sky beast shocks you.
* * * LOW HITPOINT WARNING * * *
You miss the sky beast.
The sky beast is severely wounded.
The sky beast misses you. You furiously retaliate!
You headbutt the sky beast, but do no damage.
You miss the sky beast.
The sky beast is severely wounded.
The sky beast hits you.
You die...

######........#
.#########...##........#
.....+................#
....#................#
#...#......##...##...# .
#...##.....##...##...# ...
#...##.....##....#...#
.....##...##...........#...#
..........≈≈...Y@......#...#
.................##...##...#
.................##...##...#
.....####+#########........#
##### .###....##...##...#
.............##...#
........#######...#
........##...##...#
..........<..#....#


You could see a sky beast.

Vanquished Creatures
  A black bear (D:4)
  A hornet zombie (D:3)
  An ogre (D:4)
  2 jellies
  A bullfrog skeleton (D:4)
  A hound skeleton (D:4)
  2 adders
  An adder skeleton (D:4)
  A dart slug (D:3)
  2 worms
  An orc (D:4)
  6 bats
  4 endoplasms
  A giant cockroach (D:4)
  6 hobgoblins
  7 jackals
  7 kobolds
  5 quokkas
  11 ball pythons
  3 frilled lizards
  8 goblins
  10 rats
82 creatures vanquished.

Notes
Turn   | Place    | Note
-------+----------+-------------------------------------------
     0 | D:1      | nickcage the Minotaur Fighter began the quest for the Orb.
     0 | D:1      | Reached XP level 1. HP: 19/19 MP: 0/0
    26 | D:1      | Found a faded altar of an unknown god.
    54 | D:1      | Reached skill level 3 in Long Blades
    56 | D:1      | Prayed at the altar of an unknown god.
    56 | D:1      | Became a worshipper of Cheibriados the Contemplative
    56 | D:1      | Reached * piety under Cheibriados
   190 | D:1      | Reached XP level 2. HP: 26/26 MP: 1/1
   273 | D:1      | Reached skill level 4 in Long Blades
   302 | D:1      | Reached ** piety under Cheibriados
   452 | D:1      | Reached XP level 3. HP: 29/31 MP: 2/2
   469 | D:1      | Found Zatobew's Assorted Antiques.
  1240 | D:2      | Reached skill level 5 in Long Blades
  1267 | D:2      | Reached *** piety under Cheibriados
  1599 | D:3      | Reached XP level 4. HP: 39/39 MP: 3/3
  1900 | D:3      | Reached skill level 6 in Long Blades
  2078 | D:3      | Reached skill level 7 in Long Blades
  2078 | D:3      | Reached XP level 5. HP: 12/45 MP: 4/4
  2540 | D:4      | Noticed an ogre
  2543 | D:4      | Killed an ogre
  2544 | D:4      | Reached XP level 6. HP: 51/51 MP: 5/5
  2671 | D:4      | Reached skill level 8 in Long Blades
  3113 | D:4      | Reached **** piety under Cheibriados
  3570 | D:4      | Reached skill level 9 in Long Blades
  3738 | D:5      | Entered Level 5 of the Dungeon
  3795 | D:5      | Noticed a sky beast
  3813 | D:5      | HP: 1/51 [sky beast (5)]
  3815 | D:5      | Slain by a sky beast

Illustrated notes

Levels and vault maps discovered:
D:1:      noname_arrival_rooms_in_the_neighbourhood, layout_rooms, serial_shops,
          shop, dreamdust_ecumenical_altar_statues, minmay_bisected
D:2:      layout_basic, minmay_pentomino_t2
D:3:      layout_loops_ring
D:4:      mumra_celtic_spiral_tile, layout_loops_ring, st_stairs_8
D:5:      layout_gridville, mainiacjoe_overflow_concentric_impassable

Skill      XL: |  1  2  3  4  5  6 |
---------------+-------------------+-----
Long Blades    | 3 4 5 7 9 |  9.0
Fighting       | |  3.6
Armour         | |  3.6
Shields        | |  3.6

Action                   |  1- 3 |  4- 6 || total
-------------------------+-------+-------++-------
Melee: Long sword        |   114 |    65 ||   179
       Headbutt          |    16 |    13 ||    29
  Use: Potion            |       |     1 ||     1
Armor: Scale mail        |    50 |    36 ||    86
Dodge: Dodged            |    52 |    26 ||    78
Block: Buckler           |    31 |    16 ||    47
